 Dungeon Crawl Stone Soup version 0.30-a0-272-gf98c3da03f (webtiles) character file.

Game seed: 3052552943693528251

739 freelancePsychic the Shooter (level 8, -15/46 HPs)
             Began as a Kobold Hexslinger on Oct 15, 2022.
             Demolished by an ogre
             ... wielding a +0 giant club
              (18 damage)
             ... on level 5 of the Dungeon.
             The game lasted 00:06:39 (4197 turns).

freelancePsychic the Shooter (Kobold Hexslinger)    Turns: 4197, Time: 00:06:40

Health: -15/46     AC:  5    Str:  8    XL:     8   Next: 4%
Magic:  9/9        EV: 15    Int: 14    God:
Gold:   177        SH:  0    Dex: 17    Spells: 9/9 levels left

rFire   . . .      SeeInvis .    a - +1 sling (vorpal)
rCold   + . .      Faith    .    (no shield)
rNeg    . . .      Spirit   .    s - +0 leather armour
rPois   .          Reflect  .    F - +0 hat
rElec   .          Harm     .    (no cloak)
rCorr   .          Rampage  .    h - +0 pair of gloves
Will    .....                    E - +0 pair of boots
Stlth   ++++......               (no amulet)
HPRegen 0.27/turn                p - ring of protection from cold
MPRegen 0.11/turn                (no ring)

@: about to teleport
A: small, no large weapons, nightstalker 3
a: no special abilities


You were on level 5 of the Dungeon.
You visited 1 branch of the dungeon, and saw 5 of its levels.

You collected 177 gold pieces.

Inventory:

Hand Weapons
 a - a +1 vorpal sling (weapon)
Armour
 h - a +0 pair of gloves (worn)
 n - a +0 buckler
 s - a +0 leather armour (worn)
 E - a +0 pair of boots (worn)
 F - a +0 hat (worn)
Jewellery
 p - a ring of protection from cold (left hand)
Wands
 w - a wand of polymorph (5)
 C - a wand of iceblast (13)
Scrolls
 b - a scroll of poison
 f - 3 scrolls of blinking {unknown}
 g - a scroll of identify {unknown}
 j - a scroll of silence
 k - a scroll of magic mapping {unknown}
 l - a scroll of torment {unknown}
 m - 2 scrolls of teleportation {@r4}
 o - 2 scrolls of immolation {unknown}
 q - a scroll of fear {unknown}
 v - a scroll of vulnerability {unknown}
 y - a scroll of brand weapon
 B - a scroll of amnesia
 D - 2 scrolls of enchant weapon {unknown}
Potions
 c - a potion of curing {@q1}
 d - a potion of attraction {unknown}
 e - a potion of magic
 i - a potion of heal wounds {unknown}
 r - a potion of ambrosia {unknown}
 t - a potion of lignification {unknown}
 u - 2 potions of mutation {unknown}
 x - a potion of degeneration {unknown}
 z - a potion of flight {unknown}
 A - a potion of might {unknown}


   Skills:
 + Level 3.5 Fighting
 + Level 7.5 Ranged Weapons
 + Level 4.0 Dodging
 - Level 6.4 Stealth
 - Level 1.1 Spellcasting
 - Level 3.0 Hexes


You had 9 spell levels left.
You didn't know any spells.
Your spell library contained the following spells:

 Spells                   Type           Power      Damage    Failure   Level
 Slow                     Hex            36%        N/A       11%         1
 Confusing Touch          Hex            9%         N/A       32%         3
 Inner Flame              Hex/Fire       4%         N/A       52%         3
 Portal Projectile        Hex/Tloc       8%         N/A       52%         3
 Cause Fear               Hex            4%         N/A       73%         4
 Vampiric Draining        Necr           0%         2d6       75%         3
 Vhi's Electric Charge    Tloc/Air       0%         N/A       75%         3
 Arcjolt                  Conj/Air       0%         1d10      100%        5
 Maxwell's Capacitive Co  Air            0%         ∞         100%        8


Dungeon Overview and Level Annotations

Branches:
Dungeon (5/15)
 Temple: D:4-7

Altars:
Fedhas
Kikubaaqudgha
Makhleb
Vehumet

Annotations:
D:4 exclusion: lemure, Pikel


Innate Abilities, Weirdness & Mutations

You are small and have problems with some larger weapons.
You are completely attuned to the shadows.


Message History

You shoot a sling bullet.
The sling bullet barely misses the ogre.
The sling bullet hits the scorpion but does no damage.
The ogre barely misses you.
An ice beast comes into view.
You shoot a sling bullet.
The sling bullet closely misses the ogre.
The sling bullet hits the scorpion.
The scorpion is moderately wounded.
The ogre hits you with a +0 giant club!!
You are too injured to fight recklessly!
You are too injured to fight recklessly!
You are too injured to fight recklessly!
The ogre attacks as you move away! The ogre completely misses you.
Fire: a) +1 sling (vorpal)
Press: ? - help, Shift-Dir - straight line, f/p - ogre
Aim: an ogre, wielding a +0 giant club (moderately wounded, 77% to hit)
You shoot a sling bullet.
The sling bullet barely misses the ogre.
The sling bullet hits the ice beast.
The ice beast is lightly wounded.
Fire: a) +1 sling (vorpal)
Press: ? - help, Shift-Dir - straight line, f/p - ogre
Aim: an ogre, wielding a +0 giant club (moderately wounded, 77% to hit)
You shoot a sling bullet. The sling bullet hits the ogre.
The ogre is heavily wounded.
The ogre hits you with a +0 giant club!!
Ouch! That really hurt!
* * * LOW HITPOINT WARNING * * *
Fire: a) +1 sling (vorpal)
Press: ? - help, Shift-Dir - straight line, f/p - ogre
Aim: an ogre, wielding a +0 giant club (heavily wounded, 77% to hit)
You shoot a sling bullet.
The sling bullet hits the ogre but does no damage.
The ogre is heavily wounded.
The ogre closely misses you.
As you read the scroll of teleportation {@r4}, it crumbles to dust.
You feel strangely unstable.
The ogre hits you with a +0 giant club!!
You die...

##''####.# #.#######
#P..P#...# #..## #.
##__####.# #...## #.
#⌠⌠#.##.#####..#.###<
####.##........##.##.
#.#####.#.#.###.#. #.#
#........... . #.#
###.#..##.## ..
#@########...#.##
...##O#...........##
..s.sY....#####..##
...#.............#####
.. #..................
. ...##.##############
#.###.# ###.## #..#.#


You could see an ice beast, an ogre and a scorpion.

Vanquished Creatures
  Grinder (D:3)
  Edmund (D:4)
  An ogre (D:3)
  2 lemures (D:4)
  3 iron imps (D:3)
  An iguana (D:4)
  4 orc wizards
  3 gnolls (D:4)
  3 adders
  2 worms
  A dart slug (D:3)
  6 orcs
  7 ball pythons
  3 bats
  12 endoplasms
  5 giant cockroaches
  5 goblins
  8 hobgoblins
  2 jackals (D:2)
  3 quokkas
  4 frilled lizards
  10 kobolds
  6 rats
93 creatures vanquished.

Vanquished Creatures (others)
  4 plants (D:4)
4 creatures vanquished.

Grand Total: 97 creatures vanquished

Notes
Turn   | Place    | Note
-------+----------+-------------------------------------------
     0 | D:1      | freelancePsychic the Kobold Hexslinger began the quest for
                  | the Orb.
     0 | D:1      | Reached XP level 1. HP: 12/12 MP: 2/2
    46 | D:1      | Reached skill level 1 in Stealth
    47 | D:1      | Reached skill level 3 in Ranged Weapons
    76 | D:1      | Reached XP level 2. HP: 13/16 MP: 3/3
   411 | D:1      | Reached XP level 3. HP: 20/20 MP: 4/4
   731 | D:2      | Reached skill level 4 in Ranged Weapons
  1006 | D:2      | Reached XP level 4. HP: 25/25 MP: 5/5
  1506 | D:3      | Noticed Grinder
  1529 | D:3      | Killed Grinder
  1530 | D:3      | Reached skill level 6 in Ranged Weapons
  1530 | D:3      | Reached skill level 5 in Stealth
  1530 | D:3      | Reached XP level 5. HP: 29/29 MP: 6/6
  1530 | D:3      | Reached XP level 6. HP: 34/34 MP: 7/7
  1867 | D:3      | Found a burning altar of Makhleb.
  1951 | D:3      | Reached XP level 7. HP: 40/40 MP: 8/8
  2119 | D:3      | Identified the +1 leather armour of Tipluic {Str+4}
  2639 | D:4      | Reached skill level 7 in Ranged Weapons
  2810 | D:4      | Noticed Pikel
  2895 | D:4      | Noticed Edmund
  2908 | D:4      | Killed Edmund
  3064 | D:4      | Found a blossoming altar of Fedhas.
  3626 | D:4      | Reached XP level 8. HP: 36/46 MP: 9/9
  3935 | D:5      | Entered Level 5 of the Dungeon
  4153 | D:5      | Found an ancient bone altar of Kikubaaqudgha.
  4153 | D:5      | Found a radiant altar of Vehumet.
  4195 | D:5      | HP: 2/46 [ogre/+0 giant club (27)]
  4197 | D:5      | Demolished by an ogre

Illustrated notes

Levels and vault maps discovered:
D:1:      lemuel_arrival_hallway, layout_loops_ring, minmay_heptomino_w4
D:2:      layout_basic, hangedman_abyss_or_decor_stabs
D:3:      layout_rooms, demons_altar, chequers_serial_rivers_small_3,
          lightli_corner_chamber, uniq_grinder
D:4:      layout_loops_ring, fedhas_ov_isle_minmay, minivault_25,
          minmay_close_crescents, uniq_edmund, uniq_pikel
D:5:      layout_loops_ring, gammafunk_temple_overflow_wave,
          minmay_temple_entry_junction, cheibrodos_gnoll_hut

Skill      XL: |  1  2  3  4  5  6  7  8 |
---------------+-------------------------+-----
Stealth        | 1 2 3 5 6 |  6.4
Ranged Weapons | 3 4 6 7 |  7.5
Fighting       | 2 3 |  3.5
Dodging        | 3 4 |  4.0
Spellcasting   | |  1.1
Hexes          | |  3.0

Action                   |  1- 3 |  4- 6 |  7- 9 || total
-------------------------+-------+-------+-------++-------
Melee: Unarmed           |       |     3 |       ||     3
 Fire: Sling             |    74 |    88 |   162 ||   324
  Use: Scroll            |     1 |       |     7 ||     8
       Potion            |       |       |     3 ||     3
Armor: Robe              |     4 |     2 |       ||     6
       Leather armour    |       |    14 |    15 ||    29
Dodge: Dodged            |    29 |    31 |    89 ||   149

Table legend: (Time is in decaauts)
 A = Elapsed time spent in this place.
 B = Non-inter-level travel time spent in this place.
 C = Inter-level travel time spent in this place.
 D = Time resting spent in this place.
 E = Time spent auto-exploring this place.
 F = Levels seen in this place.
 G = Mean time per level.
                   A        B        C        D        E       F      G
               +--------+--------+--------+--------+--------+-----+--------+
         Total |   4258 |   4098 |    160 |    188 |   3217 |   5 |  851.6 |
       Dungeon |   4258 |   4098 |    160 |    188 |   3217 |   5 |  851.6 |
               +--------+--------+--------+--------+--------+-----+--------+

Top non-repeatable levels by time:
     D:4: 1425 daAuts
     D:3: 1078 daAuts
     D:2: 748 daAuts
     D:1: 742 daAuts
     D:5: 263 daAuts
